AoeStats
← noodleindasauce

Lombardia

507880582Analyzed
4v4 RM · 14d ago on Sep 20, 2026· 57m 10s· 8 players
Game mode
Random Map
Map size
Large (8 player)
Population
200
Speed
Normal
Resources
Standard
Victory
Conquest
Starting age
Dark Age
Ending age
Imperial Age
RankedLock teamsTeams togetherTeam positionsShared explorationLock speedFull tech treeHidden civsTurbo modeCheats
Victory
Defeat
🇵🇪 Franks · Peru
937
+16
🇵🇪 Slavs · Peru
931
+17
🇵🇪 Bulgarians · Peru
920
+17
🇵🇪 Portuguese · Peru
862
+19
🇺🇸 Koreans · United States
964
-18
🇺🇦 Tatars · Ukraine
963
-18
🇲🇽 Lithuanians · Mexico
921
-17
🇭🇺 Britons · Hungary
920
-16
noodleindasauce
7:17 Loom
7:28 Loom
8:12 Loom
10:11 Feudal Age
11:36 Double-Bit Axe
16:54 Castle Age
15:23 Fletching
15:58 Gold Mining
16:36 Horse Collar
17:07 Crossbowman
20:55 Bow Saw
23:22 Town Watch
24:53 Ballistics
27:04 Heavy Plow
27:12 Stone Mining
32:09 Imperial Age
30:16 Bodkin Arrow
30:21 Treadmill Crane
30:37 Murder Holes
31:26 Stone Shaft Mining
31:26 Gold Shaft Mining
31:46 Wheelbarrow
31:11 Town Patrol
32:14 Thumb Ring
32:59 Hand Cart
32:59 Bracer
33:30 Siege Engineers
34:39 Two-Man Saw
35:16 Chemistry
35:49 Arbalester
36:57 Eupseong
37:22 Caravan
37:35 Arrowslits
38:01 Masonry
39:39 Conscription
39:30 Scale Mail Armor
39:41 Forging
38:54 Pikeman
39:35 Squires
39:20 Arson
43:17 Chain Mail Armor
45:15 Plate Mail Armor
45:21 Iron Casting
46:36 Halberdier
49:32 Architecture
53:17 Elite Skirmisher
Garciliaso
10:06 Feudal Age
10:49 Double-Bit Axe
16:35 Castle Age
14:43 Horse Collar
15:20 Gold Mining
19:00 Stone Mining
19:32 Bow Saw
22:25 Wheelbarrow
22:24 Town Watch
23:07 Heavy Plow
24:16 Hand Cart
28:32 Imperial Age
26:14 Scale Barding Armor
26:20 Forging
26:51 Husbandry
27:01 Bloodlines
27:06 Town Patrol
27:19 Loom
28:57 Iron Casting
29:52 Chain Barding Armor
30:39 Chemistry
29:26 Cavalier
31:08 Conscription
32:11 Paladin
35:46 Ballistics
35:26 Fletching
36:21 Bodkin Arrow
38:20 Two-Man Saw
40:12 Bracer
40:42 Bombard Tower
41:16 Murder Holes
47:46 Pikeman
48:38 Tower Shields
48:43 Scale Mail Armor
49:53 Squires
50:33 Arson
54:06 Halberdier
juhamate7
11:40 Feudal Age
20:14 Castle Age
31:43 Wheelbarrow
31:02 Town Watch
31:15 Double-Bit Axe
38:22 Imperial Age
39:06 Hand Cart
40:00 Fletching
40:10 Padded Archer Armor
40:13 Elite Longbowman
41:14 Yeomen
41:23 Bodkin Arrow
41:43 Leather Archer Armor
42:30 Conscription
42:02 Horse Collar
42:14 Gold Mining
42:15 Stone Mining
43:43 Town Patrol
43:29 Loom
44:31 Ballistics
45:11 Chemistry
46:33 Gold Shaft Mining
46:05 Warwolf
46:28 Bracer
46:58 Ring Archer Armor
46:39 Forging
46:29 Scale Mail Armor
47:06 Man-at-Arms
47:06 Pikeman
47:33 Gambesons
47:33 Arson
47:50 Squires
48:12 Long Swordsman
52:21 Halberdier
56:46 Iron Casting
56:26 Chain Mail Armor
1mmr
5:07 Loom
12:02 Feudal Age
12:47 Double-Bit Axe
18:22 Castle Age
17:04 Horse Collar
17:20 Gold Mining
17:52 Stone Mining
18:25 Fletching
18:35 Padded Archer Armor
19:42 Bloodlines
20:09 Bow Saw
20:18 Bodkin Arrow
22:08 Leather Archer Armor
25:14 Ballistics
25:34 Husbandry
28:08 Gold Shaft Mining
28:08 Silk Armor
31:52 Wheelbarrow
32:41 Forging
32:37 Scale Barding Armor
37:21 Imperial Age
37:10 Chain Barding Armor
38:27 Conscription
39:11 Bracer
39:41 Ring Archer Armor
39:48 Iron Casting
40:28 Guilds
39:50 Heavy Cavalry Archer
42:32 Timurid Siegecraft
41:50 Elite Steppe Lancer
43:35 Blast Furnace
45:35 Chemistry
44:43 Siege Engineers
47:29 Plate Barding Armor
Kawahara Sama
10:13 Loom
12:30 Feudal Age
16:28 Double-Bit Axe
18:49 Stone Mining
18:45 Horse Collar
22:07 Castle Age
20:38 Gold Mining
21:05 Fletching
26:03 Bow Saw
26:20 Fortified Wall
29:10 Masonry
29:28 Ballistics
29:03 Murder Holes
30:59 Detinets
32:37 Bodkin Arrow
33:49 Caravan
37:04 Imperial Age
35:12 Wheelbarrow
34:46 Scale Barding Armor
34:51 Forging
36:26 Hand Cart
38:02 Gold Shaft Mining
38:35 Conscription
37:36 Elite Boyar
39:21 Chemistry
38:40 Bloodlines
38:31 Husbandry
38:52 Chain Barding Armor
38:43 Forging
39:46 Plate Barding Armor
40:12 Hoardings
40:26 Iron Casting
42:05 Blast Furnace
43:30 Two-Man Saw
43:03 Pikeman
43:08 Man-at-Arms
43:52 Druzhina
44:02 Onager
45:16 Onager
48:24 Siege Onager
Fenstermacher
1:33 Loom
11:42 Feudal Age
12:24 Double-Bit Axe
14:46 Stone Mining
14:47 Gold Mining
17:31 Wheelbarrow
16:42 Town Watch
22:03 Castle Age
25:26 Bow Saw
28:56 Imperial Age
28:18 Gold Shaft Mining
29:46 Forging
29:42 Scale Barding Armor
30:39 Hand Cart
32:15 Cavalier
32:56 Husbandry
32:49 Light Cavalry
33:55 Conscription
36:28 Iron Casting
36:28 Fortified Wall
37:04 Masonry
38:38 Paladin
39:54 Ballistics
41:21 Blast Furnace
41:31 Chain Barding Armor
44:00 Onager
44:57 Siege Engineers
45:53 Chemistry
45:20 Town Patrol
46:36 Plate Barding Armor
46:40 Caravan
46:48 Chivalry
Nikolai Stavrogin
2:25 Loom
12:43 Feudal Age
13:23 Horse Collar
13:31 Double-Bit Axe
13:52 Stone Mining
17:07 Gold Mining
22:11 Castle Age
23:02 Bow Saw
22:55 Heavy Plow
27:28 Wheelbarrow
29:01 Gold Shaft Mining
29:46 Hand Cart
30:53 Masonry
33:48 Imperial Age
32:20 Bloodlines
32:10 Husbandry
32:23 Forging
32:18 Scale Barding Armor
32:59 Caravan
33:09 Town Watch
34:04 Stone Shaft Mining
34:58 Town Patrol
36:09 Conscription
35:45 Stirrups
36:58 Iron Casting
36:43 Chain Barding Armor
35:47 Light Cavalry
38:09 Architecture
37:44 Siege Engineers
37:32 Elite Konnik
37:53 Capped Ram
39:34 Plate Barding Armor
39:02 Siege Ram
43:01 Blast Furnace
47:03 Scale Mail Armor
47:10 Gambesons
47:26 Squires
47:11 Arson
47:34 Siege Engineers
47:55 Chain Mail Armor
53:13 Plate Mail Armor
Arctic Hunter
7:38 Loom
11:49 Feudal Age
13:23 Double-Bit Axe
14:53 Horse Collar
20:31 Castle Age
19:19 Scale Mail Armor
21:05 Forging
22:12 Gold Mining
23:55 Bow Saw
23:48 Heavy Plow
24:07 Chain Mail Armor
23:14 Pikeman
25:01 Fortified Wall
25:19 Fervor
27:34 Wheelbarrow
28:50 Hand Cart
30:24 Masonry
30:30 Masonry
30:52 Stone Mining
31:28 Town Watch
35:45 Imperial Age
34:27 Ballistics
36:59 Iron Casting
35:49 Halberdier
36:04 Elite Skirmisher
36:38 Fletching
38:43 Conscription
38:25 Arquebus
37:48 Elite Organ Gun
41:35 Chemistry
40:40 Siege Engineers
41:05 Caravan
41:48 Gambesons
44:22 Town Patrol
47:24 Two-Man Saw
47:15 Arson
Connection lost

Rejoining the realm…

Still unreachable

The connection could not be restored.

Session expired

The server has moved on; the page needs a fresh start.